 Dungeon Crawl Stone Soup version 0.31-a0-435-g2c6fae2916 (webtiles) character file.

Game seed: 17828775015863912121

65 randomguy2701 the Gusty (level 4, -4/24 HPs)
             Began as a Tengu Air Elementalist on Aug 2, 2023.
             Slain by a worm (8 damage)
             ... on level 2 of the Dungeon.
             The game lasted 00:02:27 (1840 turns).

randomguy2701 the Gusty (Tengu Air Elementalist)    Turns: 1840, Time: 00:02:27

Health: -4/24      AC:  2    Str:  8    XL:     4   Next: 14%
Magic:  1/8        EV: 12    Int: 18    God:
Gold:   60         SH:  0    Dex: 14    Spells: 7/8 levels left

rFire   . . .        (no weapon)
rCold   . . .        (no shield)
rNeg    . . .        a - +0 robe
rPois   .            (helmet restricted)
rElec   .            (no cloak)
rCorr   .            (no gloves)
SInv    .            (boots unavailable)
Will    .....        (no amulet)
Stlth   ++           (no ring)
HPRegen 0.24/turn    (no ring)
MPRegen 0.11/turn

%: no passive effects
@: very slightly contaminated
A: beak, talons 3
a: no special abilities


You were on level 2 of the Dungeon.
You visited 1 branch of the dungeon, and saw 2 of its levels.

You collected 60 gold pieces.

Inventory:

Armour
 a - a +0 robe (worn)
 k - the +2 robe "Vagi" {Harm rN+++ Int-2 Dex-3}
   (You found it on level 2 of the Dungeon)

   Int:       It affects your intelligence (-2).
   Dex:       It affects your dexterity (-3).
   rN:        It renders you almost immune to negative energy.
   Harm:      It increases damage dealt and taken.
Jewellery
 h - an amulet of guardian spirit
Scrolls
 e - a scroll of revelation {unknown}
 f - a scroll of fog {unknown}
 g - 2 scrolls of identify {unknown}
 j - a scroll of enchant armour {unknown}
Potions
 b - a potion of magic
 c - 2 potions of curing {unknown}
 d - a potion of cancellation {unknown}
 i - a potion of mutation {unknown}
 l - 2 potions of attraction {unknown}
 m - a potion of haste {unknown}


   Skills:
 + Level 2.6 Dodging
 + Level 2.1 Stealth
 + Level 2.6 Spellcasting
 + Level 2.9 Conjurations
 + Level 4.9 Air Magic


You had 7 spell levels left.
You knew the following spells:

 Your Spells              Type           Power      Damage    Failure   Level
a - Shock                 Conj/Air       64%        1d7       3%          1

Your spell library contained the following spells:

 Spells                   Type           Power      Damage    Failure   Level
 Static Discharge         Conj/Air       32%        2-4/arc   4%          2
 Swiftness                Air            20%        N/A       7%          3
 Airstrike                Air            10%        2d(2-18)  22%         4
 Stone Arrow              Conj/Erth      14%        3d7       28%         3
 Inner Flame              Hex/Fire       2%         N/A       45%         3
 Animate Armour           Summ/Erth      4%         N/A       86%         4
 Yara's Violent Unravell  Hex/Tmut       1%         3d3       99%         5
 Enfeeble                 Hex            1%         N/A       100%        7
 Lehudib's Crystal Spear  Conj/Erth      3%         10d3      100%        8


Dungeon Overview and Level Annotations

Branches:
Dungeon (2/15)

Altars:
Fedhas


Innate Abilities, Weirdness & Mutations

You have a beak for a mouth.
You have claws for feet.


Message History

Done exploring.
You can't see any susceptible monsters within range! (Use Z to cast anyway.) Done exploring.
(D) Dungeon
Where to? (Enter - D:3, ? - help)
What level of the Dungeon? (default 1, ? - help)
There is a large open door here.
You see here a +0 short sword.
The zap hits the worm.
The worm is moderately wounded.
The zap hits the worm.
The worm is moderately wounded.
The zap hits the worm.
The worm is heavily wounded.
You miscast Shock.
You are very lightly contaminated with residual magic.
Nothing appears to happen.
The zap hits the worm!
The worm is severely wounded.
The worm bites you!
The zap hits the worm.
The worm is severely wounded.
The zap hits the worm.
The worm is almost dead.
The worm bites you!
* * * LOW HITPOINT WARNING * * *
You are too injured to fight recklessly!
Unknown command.
You are too injured to fight recklessly!
Casting: Shock (safe; 3% risk of failure)
Confirm with . or Enter, or press ? or * to list all spells.
Aiming: Shock (safe; 3% risk of failure)
Press: ? - help, Shift-Dir - straight line, f/p - worm
Aim: a worm (almost dead, 90% to hit)
The zap hits the worm.
The worm is almost dead.
You hit the worm but do no damage. Your peck misses the worm.
The worm is almost dead.
The worm bites you!
You die...

###### ##....##
##...)..##
###..§≈.≈..###
#.'@.≈.≈...'.#
#.w...≈.≈..'.#
#)#..≈.≈≈..#.##
#.##......##..#
#.###....####.######
#..####### #......#
##.##.##.# #####..#
#...)##.#######...#
#......##..##.....#


You could see a worm.

Vanquished Creatures
  2 adders (D:2)
  A dart slug (D:2)
  3 ball pythons
  A bat (D:2)
  5 endoplasms
  3 giant cockroaches
  3 goblins (D:2)
  5 jackals
  3 kobolds
  5 quokkas
  3 frilled lizards
  4 rats
38 creatures vanquished.

Notes
Turn   | Place    | Note
-------+----------+-------------------------------------------
     0 | D:1      | randomguy2701 the Tengu Air Elementalist began the quest
                  | for the Orb.
     0 | D:1      | Reached XP level 1. HP: 10/10 MP: 4/4
   227 | D:1      | Reached XP level 2. HP: 15/15 MP: 4/6
   920 | D:2      | Reached XP level 3. HP: 19/19 MP: 1/7
  1460 | D:2      | Identified the +2 robe "Vagi" {Harm rN+++ Int-2 Dex-3}
  1549 | D:2      | Reached XP level 4. HP: 24/24 MP: 5/8
  1659 | D:2      | Found a blossoming altar of Fedhas.
  1840 | D:2      | Slain by a worm

Illustrated notes

Levels and vault maps discovered:
D:1:      sevenhm_arrival_forest_fort_small_3, layout_rooms
D:2:      layout_rooms, basic_altar, chequers_serial_rivers_large_b,
          kennysheep_generic_room_3

Skill      XL: |  1  2  3 |
---------------+----------+-----
Conjurations   | 2 |  2.9
Dodging        | |  2.6
Stealth        | |  2.1
Spellcasting   | |  2.6
Air Magic      | |  4.9

Action                     |  1- 3 |  4- 6 || total
---------------------------+-------+-------++-------
  Melee: Unarmed           |     6 |     1 ||     7
         Kick              |     1 |       ||     1
         Peck              |     1 |       ||     1
   Cast: Shock             |    78 |    15 ||    93
 Armour: Robe              |     3 |       ||     3
  Dodge: Dodged            |     7 |       ||     7

Table legend: (Time is in decaauts)
 A = Elapsed time spent in this place.
 B = Non-inter-level travel time spent in this place.
 C = Inter-level travel time spent in this place.
 D = Time resting spent in this place.
 E = Time spent auto-exploring this place.
 F = Levels seen in this place.
 G = Mean time per level.
                   A        B        C        D        E       F      G
               +--------+--------+--------+--------+--------+-----+--------+
         Total |   1865 |   1776 |     89 |      0 |   1574 |   2 |  932.5 |
       Dungeon |   1865 |   1776 |     89 |      0 |   1574 |   2 |  932.5 |
               +--------+--------+--------+--------+--------+-----+--------+

Top non-repeatable levels by time:
     D:2: 1038 daAuts
     D:1: 826 daAuts
